 Dungeon Crawl Stone Soup version 0.28.0-43-g3370ac3207 (webtiles) character file.

Game seed: 14687611028863622933

45 jimonade the Protected (level 3, -2/28 HPs)
             Began as a Gnoll Wanderer on Mar 17, 2022.
             Slain by a gnoll
             ... wielding a +0 halberd
              (7 damage)
             ... on level 3 of the Dungeon.
             The game lasted 00:03:51 (1557 turns).

jimonade the Protected (Gnoll Wanderer)             Turns: 1557, Time: 00:03:52

Health: -2/28      AC: 11    Str: 16    XL:     3   Next: 64%
Magic:  4/4        EV:  7    Int: 10    God:
Gold:   89         SH:  0    Dex:  9    Spells: 3/3 levels left

rFire   . . .      SeeInvis .   a - +0 spear
rCold   . . .      Faith    .   (no shield)
rNeg    . . .      Spirit   .   j - +0 chain mail
rPois   .          Reflect  .   (no helmet)
rElec   .          Harm     .   (no cloak)
rCorr   .          Rampage  .   (no gloves)
Will    .....                   (no boots)
Stlth   ..........              (no amulet)
HPRegen 0.09/turn               (no ring)
MPRegen 0.09/turn               (no ring)

@: no status effects
A: fangs 1, strong nose, distributed training
a: no special abilities


You were on level 3 of the Dungeon.
You visited 1 branch of the dungeon, and saw 3 of its levels.

You collected 89 gold pieces.

Inventory:

Hand Weapons
 a - a +0 spear (weapon)
 d - a +0 dagger
 e - a +0 hand axe
 m - a +0 whip
Missiles
 c - 15 poisoned darts (quivered)
 i - 4 stones
 n - 22 arrows
Armour
 b - a +2 scale mail
 j - a +0 chain mail (worn)
Scrolls
 k - a scroll of identify {unknown}
 o - a scroll of magic mapping {unknown}
 p - a scroll of vulnerability {unknown}
Potions
 f - a potion of ambrosia {unknown}
 g - 2 potions of cancellation {unknown}
 h - 2 potions of curing {unknown}
 l - a potion of heal wounds {unknown}
 q - a potion of degeneration {unknown}


   Skills:
 + Level 2.6 Fighting
 + Level 0.9 Short Blades
 + Level 0.9 Long Blades
 + Level 0.9 Axes
 + Level 0.9 Maces & Flails
 + Level 6.5 Polearms
 + Level 0.9 Staves
 + Level 0.9 Slings
 + Level 0.9 Bows
 + Level 0.9 Crossbows
 + Level 4.5 Throwing
 + Level 8.5 Armour
 + Level 0.9 Dodging
 + Level 0.9 Stealth
 + Level 0.9 Shields
 + Level 0.9 Unarmed Combat
 + Level 0.9 Spellcasting
 + Level 0.6 Conjurations
 + Level 0.6 Hexes
 + Level 0.6 Summonings
 + Level 0.6 Necromancy
 + Level 0.6 Translocations
 + Level 0.6 Transmutations
 + Level 0.6 Fire Magic
 + Level 0.6 Ice Magic
 + Level 0.6 Air Magic
 + Level 0.6 Earth Magic
 + Level 0.6 Poison Magic
 + Level 1.0 Invocations
 + Level 0.9 Evocations


You had 3 spell levels left.
You didn't know any spells.
Your spell library contained the following spells:

 Spells                   Type           Power      Damage    Failure   Level
 Conjure Flame            Conj/Fire      1%         6-21      100%        3
 Ignite Poison            Fire/Tmut/Pois 1%         N/A       100%        3
 Sticky Flame             Conj/Fire      1%         2d3       100%        4
 Fireball                 Conj/Fire      0%         3d3       100%        5
 Starburst                Conj/Fire      0%         6d3       100%        6
 Ignition                 Fire           0%         3d3       100%        8


Dungeon Overview and Level Annotations

Branches:
Dungeon (3/15)

Altars:


Innate Abilities, Weirdness & Mutations

You have very sharp teeth.
Your uncanny sense of smell can sniff out nearby items.
Your experience applies equally to all skills.


Message History

You see here a bat corpse.
The gnoll hits you but does no damage.
Things that are here:
a +0 flail; a +0 chain mail The gnoll hits you but does no damage. x2
You hit the gnoll.
The gnoll is moderately wounded.
The gnoll hits you but does no damage.
You hit the gnoll. You bite the gnoll, but do no damage.
The gnoll is moderately wounded.
The gnoll hits you but does no damage.
The gnoll hits you from afar with a +0 halberd.
You hit the gnoll.
The gnoll is severely wounded.
The gnoll hits you with a +0 spear.
You hit the gnoll.
You kill the gnoll!
The gnoll hits you from afar with a +0 halberd!
Your Invocations skill increases to level 1!
You reach to attack!
You hit the gnoll.
The gnoll is moderately wounded.
The gnoll hits you from afar with a +0 halberd!
* * * LOW HITPOINT WARNING * * *
You are too injured to fight recklessly!
You are too injured to fight recklessly!
You are too injured to fight recklessly!
You are too injured to fight recklessly!
The gnoll barely misses you.
Things that are here:
a +0 flail; a +0 chain mail You barely miss the gnoll.
The gnoll is moderately wounded.
The gnoll hits you with a +0 halberd.
* * * LOW HITPOINT WARNING * * *
You hit the gnoll.
The gnoll is heavily wounded.
You barely miss the gnoll.
The gnoll is heavily wounded.
The gnoll hits you with a +0 halberd!
You die...

..# #######.......#
#.# #.....#.......#
#.# #.....#.......#
#.# #.....#.......#
#.## #.....#.......#
...# #.....#....<..#
...#####<###....†..##
##.##...........g#..#
...##.##.#.#..##@##.#
≈≈...)...........)..#
≈≈≈.≈.≈.P≈..P....≈..#
≈≈≈≈≈≈P≈≈P≈≈P≈≈≈≈####
≈≈≈≈≈≈≈≈≈≈≈≈≈≈≈≈≈≈≈
≈≈≈≈≈PP≈≈≈≈≈≈≈≈≈≈≈≈≈
≈.≈≈.≈≈≈≈≈PP≈≈≈≈≈≈≈≈≈≈
≈.........≈P≈.≈≈######
...###...........


You could see a gnoll.

Vanquished Creatures
  A gnoll (D:3)
  An adder skeleton (D:2)
  A worm (D:2)
  A dart slug (D:1)
  An orc (D:3)
  A ball python (D:2)
  4 bats
  4 giant cockroaches
  2 hobgoblins (D:2)
  A quokka (D:1)
  3 frilled lizards
  3 kobolds (D:1)
  4 rats (D:1)
27 creatures vanquished.

Vanquished Creatures (others)
  A plant (D:3)
1 creature vanquished.

Grand Total: 28 creatures vanquished

Notes
Turn   | Place    | Note
-------+----------+-------------------------------------------
     0 | D:1      | jimonade the Gnoll Wanderer began the quest for the Orb.
     0 | D:1      | jimonade set off with the following items: a +0 spear, a +2
                  | scale mail, 15 poisoned darts, a +0 dagger
     0 | D:1      | Reached XP level 1. HP: 17/17 MP: 1/1
   123 | D:1      | Found a faded altar of an unknown god.
   325 | D:1      | Reached XP level 2. HP: 23/23 MP: 2/2
  1123 | D:2      | Reached XP level 3. HP: 26/28 MP: 3/3
  1553 | D:3      | Reached skill level 1 in Invocations
  1557 | D:3      | Slain by a gnoll

Illustrated notes

Levels and vault maps discovered:
D:1:      wander_arrival_estate, layout_basic, chequers_ecumenical_altar_island,
          kennysheep_boxes
D:2:      layout_rooms, serial_curves, eino_curves_04, eino_curves_04,
          kennysheep_another_room
D:3:      layout_loops_cross, minmay_misc_feat_plants, chequers_big_river,
          minmay_goblin_kobold_house

Skill      XL: |  1  2  3 |
---------------+----------+-----
Invocations    | 1 |  1.0
Fighting       | |  2.6
Short Blades   | |  0.9
Long Blades    | |  0.9
Axes           | |  0.9
Maces & Flails | |  0.9
Polearms       | |  6.5
Staves         | |  0.9
Slings         | |  0.9
Bows           | |  0.9
Crossbows      | |  0.9
Throwing       | |  4.5
Armour         | |  8.5
Dodging        | |  0.9
Stealth        | |  0.9
Shields        | |  0.9
Unarmed Combat | |  0.9
Spellcasting   | |  0.9
Conjurations   | |  0.6
Hexes          | |  0.6
Summonings     | |  0.6
Necromancy     | |  0.6
Translocations | |  0.6
Transmutations | |  0.6
Fire Magic     | |  0.6
Ice Magic      | |  0.6
Air Magic      | |  0.6
Earth Magic    | |  0.6
Poison Magic   | |  0.6
Evocations     | |  0.9

Action                   || total
-------------------------++-------
Melee: Spear             ||   123
       Bite              ||     5
       Punch             ||     1
Throw: Dart              ||     6
Armor: Scale mail        ||    12
       Chain mail        ||    36
Dodge: Dodged            ||    36
